General information
- name: BNet
- type: Ladder team game (AT/RT)
- host: Battle.net
- saver: COOLMIKE162
map: GoldRush
- players: 8
- length: 25:19
- speed: Fast
- version: 1.23 W3XP
- replay type: Public
» download(237 KB)
Players
team 1 (winner)
194 (
purple | 60 APM | 1508 actions | 25:19)
3 Death Knight
2 Death Coil
1 Unholy Aura
» actions
| Assign group hotkey | 13 | |
| Basic commands | 18 | |
| Build / train | 66 | |
| Enter build submenu | 30 | |
| Enter hero's abilities submenu | 3 | |
| Give item / drop item | 2 | |
| Right click | 987 | |
| Select / deselect | 210 | |
| Select group hotkey | 132 | |
| Use ability | 47 | |
1508 total
» units
| Acolyte | 9 | |
| Ghoul | 23 | |
| Frost Wyrm | 3 | |
35 total
» upgrades
| Creature Attack | 5 | |
| Unholy Strength | 3 | |
| Unholy Armor | 2 | |
| Cannibalize | 1 | |
| Ghoul Frenzy | 1 | |
| Creature Carapace | 4 | |
| Freezing Breath | 1 | |
17 total
» buildings
| Crypt | 1 | |
| Ziggurat | 7 | |
| Altar of Darkness | 1 | |
| Tomb of Relics | 1 | |
| Nerubian Tower | 2 | |
| Graveyard | 1 | |
| Halls of the Dead | 1 | |
| Black Citadel | 1 | |
| Necropolis | 3 | |
| Spirit Tower | 1 | |
| Sacrificial Pit | 1 | |
| Boneyard | 2 | |
22 total
» build order
00:09 Crypt
00:20 Ziggurat
00:36 Altar of Darkness
01:25 Ziggurat
01:32 Tomb of Relics
01:53 Nerubian Tower
01:53 Nerubian Tower
03:09 Graveyard
03:24 Ziggurat
04:34 Halls of the Dead
07:13 Black Citadel
07:22 Necropolis
07:42 Spirit Tower
12:45 Ziggurat
12:46 Ziggurat
12:47 Ziggurat
12:50 Ziggurat
13:35 Necropolis
13:54 Sacrificial Pit
15:37 Boneyard
15:38 Boneyard
25:01 Necropolis
» items
| Scroll of Healing | 1 | |
| Potion of Healing | 1 | |
| Scroll of Town Portal | 2 | |
| Orb of Corruption | 1 | |
5 total

»
COOLMIKE162 (
pink | 112 APM | 2848 actions | 25:19)
7 Death Knight
3 Death Coil
3 Unholy Aura
1 Animate Dead
5 Lich
3 Frost Nova
2 Frost Armor
6 Dreadlord
2 Sleep
3 Carrion Swarm
1 Inferno
» actions
| Assign group hotkey | 123 | |
| Build / train | 99 | |
| ESC pressed | 1 | |
| Enter build submenu | 26 | |
| Enter hero's abilities submenu | 18 | |
| Give item / drop item | 5 | |
| Remove unit from queue | 2 | |
| Right click | 1024 | |
| Select / deselect | 622 | |
| Select group hotkey | 768 | |
| Use ability | 160 | |
2848 total
» units
| Acolyte | 12 | |
| Ghoul | 2 | |
| Crypt Fiend | 8 | |
| Frost Wyrm | 6 | |
28 total
» upgrades
| Burrow | 1 | |
| Creature Attack | 4 | |
| Creature Carapace | 3 | |
| Web | 1 | |
| Freezing Breath | 1 | |
10 total
» buildings
| Crypt | 1 | |
| Graveyard | 1 | |
| Altar of Darkness | 1 | |
| Ziggurat | 10 | |
| Tomb of Relics | 2 | |
| Halls of the Dead | 3 | |
| Necropolis | 1 | |
| Spirit Tower | 4 | |
| Black Citadel | 2 | |
| Nerubian Tower | 2 | |
| Sacrificial Pit | 1 | |
| Boneyard | 3 | |
31 total
» build order
00:05 Crypt
00:18 Graveyard
00:29 Altar of Darkness
00:47 Ziggurat
01:29 Ziggurat
01:52 Tomb of Relics
04:12 Halls of the Dead
04:13 Halls of the Dead
04:39 Ziggurat
05:22 Ziggurat
05:23 Ziggurat
05:42 Ziggurat
05:55 Necropolis
06:14 Tomb of Relics
06:17 Spirit Tower
06:36 Black Citadel
07:02 Spirit Tower
07:04 Ziggurat
07:26 Ziggurat
07:57 Spirit Tower
07:59 Nerubian Tower
08:25 Nerubian Tower
08:40 Sacrificial Pit
09:30 Boneyard
09:31 Boneyard
09:32 Boneyard
15:09 Spirit Tower
15:10 Ziggurat
15:41 Ziggurat
» items
| Rod of Necromancy | 2 | |
| Scroll of Town Portal | 7 | |
| Orb of Corruption | 3 | |
| Potion of Healing | 4 | |
| Potion of Mana | 3 | |
| Scroll of Healing | 5 | |
24 total

»
D3STRUCTION (
orange | 75 APM | 1898 actions | 25:19)
5 Priestess of the Moon
2 Searing Arrows
3 Trueshot Aura
» actions
| Assign group hotkey | 251 | |
| Basic commands | 92 | |
| Build / train | 56 | |
| ESC pressed | 3 | |
| Enter build submenu | 26 | |
| Enter hero's abilities submenu | 5 | |
| Right click | 997 | |
| Select / deselect | 251 | |
| Select group hotkey | 169 | |
| Use ability | 48 | |
1898 total
» units
» buildings
| Altar of Elders | 1 | |
| Moon Well | 5 | |
| Hunter's Hall | 1 | |
| Ancient of War | 2 | |
| Tree of Ages | 2 | |
| Tree of Life | 5 | |
| Tree of Eternity | 1 | |
| Ancient Protector | 9 | |
| Ancient of Wind | 1 | |
27 total
» build order
00:06 Altar of Elders
00:07 Moon Well
01:31 Hunter's Hall
01:38 Ancient of War
01:59 Ancient of War
02:14 Moon Well
02:29 Moon Well
03:46 Moon Well
09:07 Tree of Ages
11:18 Tree of Life
11:56 Moon Well
13:02 Tree of Eternity
14:03 Ancient Protector
14:28 Ancient Protector
14:53 Ancient of Wind
15:26 Tree of Life
15:27 Ancient Protector
15:29 Ancient Protector
17:12 Tree of Life
17:25 Tree of Life
17:36 Ancient Protector
17:37 Ancient Protector
17:39 Ancient Protector
18:39 Ancient Protector
18:40 Ancient Protector
21:47 Tree of Ages
22:34 Tree of Life
» items
SMERB.COM.COM (
yellow | 75 APM | 1899 actions | 25:19)
3 Death Knight
2 Death Coil
1 Unholy Aura
2 Pandaren Brewmaster
1 Breath of Fire
1 Drunken Haze
2 Dreadlord
1 Sleep
1 Vampiric Aura
» actions
| Assign group hotkey | 19 | |
| Basic commands | 274 | |
| Build / train | 102 | |
| ESC pressed | 2 | |
| Enter build submenu | 42 | |
| Enter hero's abilities submenu | 7 | |
| Give item / drop item | 3 | |
| Remove unit from queue | 3 | |
| Right click | 551 | |
| Select / deselect | 306 | |
| Select group hotkey | 501 | |
| Use ability | 89 | |
1899 total
» units
| Acolyte | 20 | |
| Ghoul | 7 | |
| Crypt Fiend | 4 | |
| Frost Wyrm | 5 | |
36 total
» upgrades
| Creature Attack | 3 | |
| Web | 1 | |
| Freezing Breath | 1 | |
| Creature Carapace | 3 | |
8 total
» buildings
| Graveyard | 1 | |
| Crypt | 1 | |
| Ziggurat | 11 | |
| Altar of Darkness | 1 | |
| Tomb of Relics | 1 | |
| Nerubian Tower | 4 | |
| Halls of the Dead | 4 | |
| Spirit Tower | 9 | |
| Sacrificial Pit | 1 | |
| Black Citadel | 4 | |
| Necropolis | 1 | |
| Boneyard | 2 | |
40 total
» build order
00:07 Graveyard
00:19 Crypt
00:38 Ziggurat
00:57 Altar of Darkness
01:17 Tomb of Relics
02:01 Ziggurat
02:19 Nerubian Tower
02:19 Nerubian Tower
02:19 Nerubian Tower
02:19 Nerubian Tower
04:19 Ziggurat
05:06 Ziggurat
05:15 Ziggurat
05:58 Halls of the Dead
05:58 Halls of the Dead
05:58 Halls of the Dead
06:13 Ziggurat
06:28 Spirit Tower
06:28 Spirit Tower
07:03 Ziggurat
07:04 Spirit Tower
07:17 Spirit Tower
08:34 Sacrificial Pit
09:48 Black Citadel
09:48 Black Citadel
10:58 Necropolis
11:36 Ziggurat
11:48 Ziggurat
12:43 Boneyard
12:45 Boneyard
13:55 Spirit Tower
13:55 Spirit Tower
13:56 Ziggurat
19:32 Ziggurat
» items
| Rod of Necromancy | 2 | |
| Sacrificial Skull | 1 | |
| Potion of Lesser Invulnerability | 1 | |
| Scroll of Town Portal | 9 | |
| Boots of Speed | 1 | |
| Potion of Healing | 1 | |
| Scroll of Healing | 2 | |
| Scroll of Protection | 1 | |
18 total
team 2 (loser)
cast (
blue | 123 APM | 2982 actions | 24:20)
4 Death Knight
2 Death Coil
2 Unholy Aura
3 Lich
2 Frost Nova
1 Frost Armor
2 Dreadlord
1 Sleep
1 Vampiric Aura
» actions
| Assign group hotkey | 46 | |
| Basic commands | 7 | |
| Build / train | 88 | |
| ESC pressed | 4 | |
| Enter build submenu | 31 | |
| Enter hero's abilities submenu | 10 | |
| Give item / drop item | 3 | |
| Right click | 1309 | |
| Select / deselect | 619 | |
| Select group hotkey | 766 | |
| Use ability | 99 | |
2982 total
» units
| Acolyte | 21 | |
| Ghoul | 5 | |
| Crypt Fiend | 8 | |
| Frost Wyrm | 5 | |
39 total
» upgrades
| Creature Carapace | 3 | |
| Creature Attack | 3 | |
| Web | 1 | |
| Freezing Breath | 1 | |
8 total
» buildings
| Graveyard | 1 | |
| Crypt | 1 | |
| Altar of Darkness | 1 | |
| Ziggurat | 13 | |
| Tomb of Relics | 1 | |
| Halls of the Dead | 2 | |
| Necropolis | 3 | |
| Spirit Tower | 6 | |
| Black Citadel | 1 | |
| Sacrificial Pit | 2 | |
| Boneyard | 2 | |
33 total
» build order
00:15 Graveyard
00:18 Crypt
00:44 Altar of Darkness
00:57 Ziggurat
01:11 Tomb of Relics
02:00 Ziggurat
04:41 Halls of the Dead
04:41 Halls of the Dead
05:14 Necropolis
05:38 Ziggurat
05:40 Ziggurat
05:51 Ziggurat
06:02 Ziggurat
06:35 Ziggurat
06:36 Ziggurat
07:09 Spirit Tower
07:10 Spirit Tower
07:31 Spirit Tower
08:28 Black Citadel
09:03 Sacrificial Pit
09:05 Spirit Tower
09:16 Sacrificial Pit
10:32 Spirit Tower
11:02 Boneyard
11:33 Boneyard
11:35 Ziggurat
11:36 Ziggurat
12:53 Spirit Tower
16:48 Necropolis
18:44 Ziggurat
18:45 Ziggurat
18:47 Ziggurat
20:48 Necropolis
» items
| Rod of Necromancy | 1 | |
| Healing Salve | 1 | |
| Scroll of Speed | 1 | |
| Lesser Clarity Potion | 2 | |
| Scroll of Healing | 2 | |
| Potion of Healing | 3 | |
| Potion of Mana | 2 | |
| Orb of Corruption | 1 | |
| Scroll of Regeneration | 2 | |
| Scroll of Town Portal | 4 | |
| Orb of Lightning | 1 | |
20 total
KODO_ (
red | 58 APM | 1422 actions | 24:32)
4 Tauren Chieftain
2 Shockwave
2 Endurance Aura
» actions
| Assign group hotkey | 18 | |
| Basic commands | 54 | |
| Build / train | 40 | |
| Enter build submenu | 21 | |
| Enter hero's abilities submenu | 4 | |
| Right click | 656 | |
| Select / deselect | 220 | |
| Select group hotkey | 349 | |
| Use ability | 60 | |
1422 total
» units
| Peon | 10 | |
| Grunt | 6 | |
| Troll Batrider | 6 | |
| Tauren | 2 | |
24 total
» upgrades
| Armor | 3 | |
| Liquid Fire | 1 | |
| Pulverize | 1 | |
| Reinforced Defenses | 1 | |
6 total
» buildings
| Altar of Storms | 1 | |
| Orc Burrow | 9 | |
| Barracks | 1 | |
| Stronghold | 1 | |
| Voodoo Lounge | 1 | |
| Beastiary | 2 | |
| Fortress | 1 | |
| War Mill | 1 | |
| Tauren Totem | 2 | |
| Watch Tower | 2 | |
| Great Hall | 2 | |
23 total
» build order
00:03 Altar of Storms
00:09 Orc Burrow
00:33 Barracks
02:27 Orc Burrow
02:45 Stronghold
03:35 Orc Burrow
03:38 Voodoo Lounge
05:07 Beastiary
05:11 Beastiary
05:45 Orc Burrow
06:39 Fortress
07:34 War Mill
08:33 Orc Burrow
12:13 Tauren Totem
12:15 Tauren Totem
14:13 Orc Burrow
14:16 Watch Tower
14:19 Watch Tower
17:00 Orc Burrow
17:08 Orc Burrow
17:09 Orc Burrow
17:36 Great Hall
20:03 Great Hall
» items
| Healing Salve | 1 | |
| Lesser Clarity Potion | 1 | |
| Orb of Lightning | 1 | |
3 total
SinToX (
teal | 52 APM | 1314 actions | 25:13)
2 Blood Mage
1 Flame Strike
1 Banish
4 Archmage
2 Blizzard
2 Brilliance Aura
» actions
| Assign group hotkey | 28 | |
| Basic commands | 109 | |
| Build / train | 53 | |
| ESC pressed | 11 | |
| Enter build submenu | 28 | |
| Enter hero's abilities submenu | 7 | |
| Give item / drop item | 2 | |
| Remove unit from queue | 1 | |
| Right click | 463 | |
| Select / deselect | 348 | |
| Select group hotkey | 208 | |
| Use ability | 56 | |
1314 total
» units
| Peasant | 11 | |
| Dragonhawk Rider | 5 | |
| Gryphon Rider | 7 | |
23 total
» upgrades
» buildings
| Altar of Kings | 1 | |
| Farm | 10 | |
| Lumber Mill | 1 | |
| Scout Tower | 9 | |
| Keep | 1 | |
| Guard Tower | 7 | |
| Arcane Vault | 1 | |
| Blacksmith | 1 | |
| Castle | 2 | |
| Gryphon Aviary | 2 | |
35 total
» build order
00:16 Altar of Kings
00:19 Farm
00:38 Lumber Mill
01:03 Farm
01:41 Scout Tower
02:21 Keep
02:25 Guard Tower
02:30 Scout Tower
02:33 Scout Tower
02:35 Farm
02:39 Scout Tower
03:05 Guard Tower
03:23 Guard Tower
03:26 Farm
03:29 Arcane Vault
03:56 Blacksmith
04:04 Farm
04:51 Castle
05:01 Gryphon Aviary
05:09 Gryphon Aviary
05:53 Castle
06:19 Scout Tower
06:24 Scout Tower
06:31 Farm
06:52 Guard Tower
07:13 Scout Tower
07:16 Guard Tower
08:45 Guard Tower
08:47 Farm
13:36 Farm
13:38 Farm
14:28 Scout Tower
14:30 Scout Tower
15:02 Farm
15:03 Guard Tower
» items
| Scroll of Regeneration | 2 | |
| Potion of Healing | 1 | |
| Scroll of Town Portal | 2 | |
| Lesser Clarity Potion | 2 | |
7 total
Xx_MasteR_xX (
green | 73 APM | 1854 actions | 25:18)
4 Mountain King
2 Storm Bolt
2 Bash
1 Paladin
1 Holy Light
» actions
| Assign group hotkey | 30 | |
| Basic commands | 7 | |
| Build / train | 118 | |
| ESC pressed | 1 | |
| Enter build submenu | 42 | |
| Enter hero's abilities submenu | 5 | |
| Give item / drop item | 3 | |
| Remove unit from queue | 2 | |
| Right click | 775 | |
| Select / deselect | 499 | |
| Select group hotkey | 242 | |
| Use ability | 130 | |
1854 total
» units
| Peasant | 21 | |
| Footman | 10 | |
| Mortar Team | 10 | |
| Siege Engine | 3 | |
| Flying Machine | 4 | |
48 total
» upgrades
| Defend | 1 | |
| Masonry | 3 | |
| Lumber Harvesting | 2 | |
| Gunpowder | 3 | |
| Fragmentation Shards | 1 | |
| Armor | 2 | |
| Flare | 1 | |
| Barrage | 1 | |
| Swords | 0 | |
| Flak Cannons | 1 | |
| Plating | 1 | |
16 total
» buildings
| Farm | 7 | |
| Altar of Kings | 1 | |
| Barracks | 1 | |
| Scout Tower | 19 | |
| Arcane Tower | 3 | |
| Town Hall | 3 | |
| Arcane Vault | 1 | |
| Lumber Mill | 2 | |
| Keep | 1 | |
| Guard Tower | 7 | |
| Blacksmith | 1 | |
| Castle | 1 | |
| Workshop | 2 | |
| Gryphon Aviary | 2 | |
51 total
» build order
00:15 Farm
00:17 Altar of Kings
00:26 Barracks
00:54 Farm
01:36 Scout Tower
01:47 Farm
02:08 Arcane Tower
02:09 Arcane Tower
03:22 Town Hall
03:28 Scout Tower
03:30 Scout Tower
03:43 Arcane Vault
04:01 Arcane Tower
04:29 Lumber Mill
05:37 Keep
05:43 Guard Tower
06:02 Farm
06:03 Scout Tower
06:04 Scout Tower
07:06 Guard Tower
07:17 Scout Tower
07:19 Scout Tower
07:20 Scout Tower
08:02 Guard Tower
08:18 Blacksmith
09:06 Castle
09:12 Guard Tower
09:37 Workshop
09:38 Workshop
09:55 Scout Tower
09:56 Scout Tower
09:57 Scout Tower
10:08 Scout Tower
11:05 Town Hall
11:47 Guard Tower
11:52 Lumber Mill
14:55 Farm
14:56 Farm
19:25 Farm
22:15 Gryphon Aviary
22:15 Gryphon Aviary
22:45 Scout Tower
22:46 Scout Tower
22:46 Scout Tower
22:47 Scout Tower
22:48 Scout Tower
22:49 Scout Tower
22:50 Scout Tower
22:58 Town Hall
23:30 Guard Tower
23:43 Guard Tower
» items
| Scroll of Regeneration | 8 | |
| Lesser Clarity Potion | 5 | |
| Potion of Mana | 2 | |
| Scroll of Town Portal | 5 | |
| Potion of Healing | 5 | |
| Orb of Fire | 2 | |
| Periapt of Vitality | 1 | |
| Potion of Lesser Invulnerability | 1 | |
29 total
Chat log
(00:15 / Allies) 194: ghouls
(00:58 / Allies) SMERB.COM.COM: hi
(01:00 / Allies) SMERB.COM.COM: team
(01:05 / Allies) D3STRUCTION: hi faggot
(01:10 / Allies) SMERB.COM.COM: ..
(03:26 / Allies) D3STRUCTION: s00rry
(05:02 / Allies) SMERB.COM.COM: w00d
(05:04 / Allies) SMERB.COM.COM: 100
(05:58 / Allies) COOLMIKE162: wood jill?
(06:08 / Allies) D3STRUCTION: KODO
(07:36 / Allies) SMERB.COM.COM: tower or 2
(07:39 / Allies) SMERB.COM.COM: jill and mike
(07:41 / Allies) SMERB.COM.COM: got 2 tier tone armies
(07:43 / Allies) SMERB.COM.COM: runing around
(07:43 / Allies) COOLMIKE162: w--d
(07:46 / Allies) COOLMIKE162: w00d
(08:32 / Allies) COOLMIKE162: wood
(09:59 / Allies) SMERB.COM.COM: wood please.
(12:18 / Allies) SMERB.COM.COM: SOURNCES
(12:19 / Allies) SMERB.COM.COM: PLEASE.
(12:31 / Allies) SMERB.COM.COM: w00d
(12:31 / Allies) SMERB.COM.COM: pelase.
(12:32 / Allies) SMERB.COM.COM: jill
(12:58 / Allies) SMERB.COM.COM: more wood
(12:59 / Allies) SMERB.COM.COM: please dear
(15:06 / Allies) COOLMIKE162: jill wood
(15:45 / Allies) SMERB.COM.COM: wood.
(17:15 / Allies) D3STRUCTION: gold me
(17:46 / Allies) COOLMIKE162: wood jill
(21:19 / Allies) COOLMIKE162: im out
(23:50 / Allies) COOLMIKE162: jill stop the tanks
(24:01 / Allies) SMERB.COM.COM: jill stop tanks
(24:03 / Allies) SMERB.COM.COM: with ghouls and wqyms
(24:37 / All) D3STRUCTION: fuckers
(24:39 / All) SMERB.COM.COM: Say gg
(24:41 / All) SMERB.COM.COM: to me
(24:42 / All) SMERB.COM.COM: say it.
(24:48 / All) D3STRUCTION: fuck off green ur terrible
(24:51 / All) Xx_MasteR_xX: lol..
(24:58 / All) COOLMIKE162: im the best
(25:12 / All) SinToX: feeding is so cool! and so hard too
(25:13 / All) Xx_MasteR_xX: u have 3 ud (broken race) in 4s.. man must have been hard
(25:17 / All) COOLMIKE162: no one fed